[Event "10th Cherry Blossom Classic 2023"]
[Site "Dulles"]
[Date "2023.05.29"]
[Round "8.13"]
[White "Sinha, Sahil"]
[Black "Chabris, Christopher"]
[Result "1-0"]
[ECO "E32"]
[WhiteElo "2317"]
[BlackElo "2053"]
[Annotator "TA"]
[PlyCount "47"]
[EventDate "2023.05.24"]
[EventType "swiss"]
[EventCountry "USA"]
[SourceTitle "playchess.com"]
[Source "ChessBase"]
[SourceQuality "1"]
[TimeControl "5400+30"]

1. d4 Nf6 2. c4 e6 3. Nc3 Bb4 4. Qc2 O-O 5. Nf3 d6 6. Bd2 Nbd7 7. a3 Bxc3 8. Bxc3 Qe7 9. e3 b6 10. Be2 Bb7 11. b4 Ne4 12. Bb2 a5 {[%emt 0:05:32] E32: Nimzo-Indian: Classical (4 Qc2): 4...0-0.} 13. O-O f5 14. Rad1 {[%emt 0:03:22] [#]} Rf6 $146 {[%emt 0:23:06] The position is equal.} ({Predecessor:} 14... Ng5 15. d5 axb4 16. axb4 c5 17. b5 Ne4 18. dxe6 Qxe6 19. Ne1 Ne5 20. f3 Nf6 {0-1 Lopez Martinez,J (2581)-Peralta,F (2582) Barcelona Masters 2018 (5.2)}) 15. d5 Rg6 {[%emt 0:04:24] [#]} (15... Rh6 $11 {remains equal.}) 16. Nd4 $1 $16 Qg5 {[%emt 0:04:22][%csl Gg6][%cal Rg5g2] [#]} 17. g3 (17. Nxe6 $2 Qxg2#) 17... Ne5 (17... Nf8 $16 18. Bf3 Rh6) 18. Nxe6 $18 (18. dxe6 f4 19. exf4 Qxf4 $17) 18... Rxe6 19. dxe6 Re8 $2 (19... Ng4 {keeps fighting.}) 20. c5 {[%emt 0:03:56][%cal Bc4c5,Bc5b6][%mdl 32] White is clearly winning.} Qh6 (20... Nc6 $142 21. cxd6 cxd6) 21. Bxe5 dxe5 22. cxb6 Ng5 23. h4 (23. bxc7 $2 Nh3#) 23... f4 24. Qf5 {[%emt 0:05:21] Black got outplayed after the opening.   Weighted Error Value: White=0.02 (flawless) /Black=0.99} (24. hxg5 $2 Qh1#) 1-0

[Event "10th Cherry Blossom Classic 2023"]
[Site "Dulles"]
[Date "2023.05.29"]
[Round "8.14"]
[White "Brady, Tyson"]
[Black "Morefield, Jason"]
[Result "0-1"]
[ECO "B52"]
[WhiteElo "2092"]
[BlackElo "2167"]
[Annotator "TA"]
[PlyCount "58"]
[EventDate "2023.05.24"]
[EventType "swiss"]
[EventCountry "USA"]
[SourceTitle "playchess.com"]
[Source "ChessBase"]
[SourceQuality "1"]
[TimeControl "5400+30"]

1. e4 c5 2. Nf3 d6 3. Bb5+ Bd7 4. c4 Nf6 5. Nc3 g6 6. d4 {[%emt 0:01:04] B52: Sicilian: Moscow Variation with 3...Bd7.} cxd4 7. Nxd4 Bg7 8. h3 (8. Bxd7+ $11 Nbxd7 9. O-O) 8... O-O (8... a6 $15 9. Ba4 Bxa4 10. Qxa4+ Qd7) 9. O-O $11 a6 {[%emt 0:00:18] 9...a6 scores better than 9...Nc6.} 10. Bxd7 Nbxd7 11. Be3 Rc8 $1 12. Qe2 (12. Qb3 $5) 12... Ne5 13. b3 {[%emt 0:00:54] [#]} b5 $1 14. f4 Ned7 15. Rfd1 bxc4 {[%emt 0:00:21] [#]} 16. e5 $146 ({Predecessor:} 16. bxc4 e5 17. fxe5 Nxe5 18. c5 Qa5 19. Rac1 dxc5 20. Nb3 Qb4 21. Qxa6 c4 22. Nd4 {½-½ Svidler,P (2714)-Shankland,S (2709) Saint Louis Rapid 2021 (7)}) 16... Nh5 17. exd6 exd6 18. bxc4 Nb6 ({Reject} 18... Ng3 $6 19. Qf3 Rxc4 20. Nd5 $11) 19. Nd5 Re8 ({Much weaker is} 19... Nxc4 $6 20. Rac1 Rc5 21. Nc6 Rxc6 22. Rxc4 $11) 20. Nxb6 Qxb6 21. Qd3 (21. Qd2 $17) 21... Qb7 $2 (21... Nxf4 $1 $19 {has better winning chances.} 22. Bxf4 Bxd4+ 23. Qxd4 Re1+ 24. Kf2 Qxd4+ {[%mdl 64] Remove Defender, Deflection} 25. Rxd4 Rxa1) 22. f5 $2 {[%emt 0:06:17] [#]} (22. Rab1 $17 Qe4 23. Qxe4 Rxe4 24. Rb3) 22... Qe4 $1 $19 23. Bf2 {[%emt 0:01:39] [#]} (23. Bg5 $142) 23... Nf4 $1 {[%emt 0:03:28][%csl Gf4,LRd3,LRg2][%cal Re4g2] Black is clearly winning.} 24. Qxe4 Rxe4 25. Kf1 Rxc4 26. Rac1 Rxc1 {[%emt 0:01:16][%mdl 64] Deflection} (26... Rcxd4 $2 27. Rc8+ Bf8 28. Rxd4 gxf5 29. Rxd6 $18) ({Stronger than} 26... Rexd4 27. Bxd4 Rxc1 28. Rxc1 Bxd4 29. Rc6 $17) 27. Rxc1 Bxd4 28. Rc4 Ne2 29. f6 {[%emt 0:00:02] Threatening mate with Rc8+.} h6 {[%emt 0:00:34] Weighted Error Value: White=0.52/Black=0.15 (very precise)} 0-1

[Event "10th Cherry Blossom Classic 2023"]
[Site "Dulles"]
[Date "2023.05.29"]
[Round "8.15"]
[White "Prabhu, Naveen"]
[Black "Ling, Evan"]
[Result "1-0"]
[ECO "C54"]
[WhiteElo "2138"]
[BlackElo "1952"]
[Annotator "TA"]
[PlyCount "121"]
[EventDate "2023.05.24"]
[EventType "swiss"]
[EventCountry "USA"]
[SourceTitle "playchess.com"]
[Source "ChessBase"]
[SourceQuality "1"]
[TimeControl "5400+30"]

1. e4 e5 2. Nf3 Nc6 3. Bc4 Nf6 4. d3 Bc5 5. c3 d6 ({Don't do} 5... d5 6. exd5 Nxd5 7. Qb3 $16) 6. a4 {[%emt 0:00:31] Black must now prevent b4. C54: Giuoco Piano: 4 c3 Nf6, main lines with 5 d4 and 5 d3.} a5 7. Bg5 h6 8. Bh4 {[%emt 1:32:46] White has an edge.} g5 9. Bg3 Be6 {[%emt 0:01:11] [#]} 10. Bb5 $146 ({Predecessor:} 10. Bxe6 fxe6 11. Nbd2 O-O 12. Qe2 Qd7 13. h4 g4 14. Nh2 Qg7 15. O-O Nh5 16. Kh1 Nxg3+ 17. fxg3 {½-½ Kosteniuk,A (2471)-Muzychuk,A (2535) Kosteniuk-Muzychuk Blitz m 2020 (18)}) 10... Ba7 (10... O-O $5 ) 11. Nbd2 O-O 12. Bxc6 bxc6 13. d4 Nxe4 14. Nxe4 f5 15. dxe5 fxe4 16. Nd4 Bxd4 17. Qxd4 Bd5 (17... d5 $11) 18. exd6 $16 cxd6 19. c4 $36 {[%emt 0:00:00][%mdl 2048] Keeping Black busy.} Bf7 20. Bxd6 {[%emt 0:00:00] White is more active.} Re8 {[%emt 0:00:04] Black is weak on the dark squares} 21. O-O c5 22. Qxc5 {[%emt 0:00:00] And now b3 would win.} (22. Bxc5 {simplifies} Qxd4 23. Bxd4 Bxc4 24. Rfe1) 22... Rc8 23. Qa3 {[%emt 0:00:00] Strongly threatening c5.} Bxc4 24. Rfe1 (24. Rfc1 {is more complex.} Qb6 25. Rc3 Red8 26. Be5) 24... Qb6 25. Bg3 Qb4 (25... Bf7 $14) 26. Qe3 Qc5 27. Qd2 Qd5 28. Rad1 Qxd2 29. Rxd2 Red8 {[%emt 0:00:00] White leaves nothing to chance now.} 30. Rxd8+ Rxd8 {[%emt 0:00:00][%mdl 4096] Endgame KRB-KRB} 31. h4 (31. Rxe4 $2 {gets mated.} Rd1+) 31... gxh4 32. Bxh4 Rb8 ({Better is} 32... Re8) 33. Rxe4 Rb4 34. Bd8 Rxa4 {[%emt 0:00:00] [#]} 35. Bxa5 $1 {[%emt 0:00:18][%mdl 576] Deflection} Ra1+ (35... Bb3 36. Re5) 36. Kh2 Bd5 37. Rg4+ Kf7 38. Bc3 Rd1 $2 (38... Ra6 39. Rg7+ Ke8) 39. Rg7+ $18 Ke6 40. Rg6+ Kf7 41. Rxh6 Ra1 42. Kg3 Rg1 43. f3 Ra1 44. Rb6 Be6 45. Kf4 Bd7 (45... Rf1 $142 46. Ke5 Ba2) 46. g4 Ra4+ 47. Kg5 Rc4 48. f4 Bc6 49. Rb4 Rc5+ 50. f5 Bd7 51. Rb7 Rd5 52. Rb6 {[%emt 0:00:14] [#] Rb7 is the strong threat.} Ke7 53. Rh6 {[%emt 0:00:19] Threatens to win with Kg6.} Bc8 54. Rh7+ Ke8 55. Rh8+ Kd7 56. Kf6 Rd6+ 57. Ke5 {[%emt 0:00:19][%cal Oh8c8] White wants to mate with Rxc8!} Rb6 58. f6 {[%emt 0:00:22][%cal Bf5f6,Bf6f7][%mdl 32] White threatens f7 and mate.} Rb5+ 59. Kf4 {[%emt 0:00:06] White mates.} Rc5 60. f7 Rc4+ 61. Kg3 {[%emt 0:00:07] Weighted Error Value: White=0.09 (flawless) /Black=0.27 (precise)} 1-0

[Event "10th Cherry Blossom Classic 2023"]
[Site "Dulles"]
[Date "2023.05.29"]
[Round "8.16"]
[White "Ismayilova, Khanim"]
[Black "Ouellet, Maili-Jade"]
[Result "1-0"]
[ECO "E14"]
[WhiteElo "1562"]
[BlackElo "2246"]
[Annotator "TA"]
[PlyCount "67"]
[EventDate "2023.05.24"]
[EventType "swiss"]
[EventCountry "USA"]
[SourceTitle "playchess.com"]
[Source "ChessBase"]
[SourceQuality "1"]
[TimeControl "5400+30"]

1. c4 e6 2. Nc3 d5 3. e3 Nf6 4. Nf3 b6 5. d4 Bb7 6. Bd3 Nbd7 7. O-O Bd6 8. Re1 {[%emt 0:05:52] E14: Queen's Indian: Classical Variation (4 e3).} O-O 9. e4 dxe4 10. Nxe4 {[%emt 0:00:10] The position is equal.} Nxe4 11. Bxe4 {[%emt 1:19:51] [#]} Nc5 $146 ({Predecessor:} 11... Bxe4 12. Rxe4 Nf6 13. Bg5 h6 14. Bxf6 Qxf6 15. Qe2 Rad8 16. Rd1 Qf5 17. b3 Rd7 {½-½ Plat,V (2536)-Babula,V (2561) CZE-ch Zlin 2021 (7)}) 12. dxc5 $18 Bxe4 13. cxd6 Bxf3 {[%emt 0:00:26] Black is weak on the dark squares} 14. Qxf3 ({Don't play} 14. gxf3 cxd6 15. Bf4 e5 $18) 14... Qxd6 15. Bf4 Qc5 16. Qg3 Qxc4 17. Bh6 {[%emt 0:00:00][%csl Gh6][%cal Rg3g7] [#]} Qd4 18. Re5 Qxe5 19. Qxe5 gxh6 20. Qxc7 Rfc8 21. Qg3+ Kf8 22. h3 Rd8 23. Rc1 Rd7 24. Qf4 Rad8 25. Qxh6+ Kg8 26. Rc4 {[%emt 0:00:00] [#] Threatening mate with Rg4+.} Rd4 27. Rxd4 Rxd4 {[%emt 0:00:02][%mdl 4096] Endgame KQ-KR} 28. Qf6 Rd5 29. g4 h5 30. g5 Rf5 31. Qh6 Rb5 32. Qxh5 (32. g6 $142 fxg6 33. Qxg6+ Kh8 34. Qh6+ Kg8 35. Qxe6+ Kf8 36. Qd6+ Ke8 37. Qc6+ Kf8 38. Qxb5) 32... Ra5 33. a3 {[%emt 0:00:00] Strongly threatening Qh6.} Rb5 34. Qh6 {[%emt 0:00:00] Black got outplayed after the opening.   Weighted Error Value: White=0.06 (flawless) /Black=0.75} 1-0

[Event "10th Cherry Blossom Classic 2023"]
[Site "Dulles"]
[Date "2023.05.29"]
[Round "8.17"]
[White "Michelle Catherina, P."]
[Black "Laddha, Yash Jayesh"]
[Result "1-0"]
[ECO "C64"]
[WhiteElo "2193"]
[BlackElo "2195"]
[Annotator "TA"]
[PlyCount "103"]
[EventDate "2023.05.24"]
[EventType "swiss"]
[EventCountry "USA"]
[SourceTitle "playchess.com"]
[Source "ChessBase"]
[SourceQuality "1"]
[TimeControl "5400+30"]

1. e4 e5 2. Nf3 Nc6 3. Bb5 a6 4. Ba4 Bc5 5. O-O Nge7 {[%emt 0:00:25] [#]} 6. c3 (6. Nxe5 $1 $16 Nxe5 7. d4) 6... Ng6 $11 {[%emt 0:00:08] C64: Ruy Lopez: Classical Defence (3...Bc5) except 4 0-0 Nf6.} 7. d4 Ba7 8. d5 (8. Bg5 $5 f6 9. Be3 $14) 8... Nce7 {[%emt 0:00:06] The position is equal.} 9. d6 (9. h4 $5 h5 10. d6 cxd6 11. Qxd6 $11) 9... cxd6 {[%emt 0:00:05][%cal Od6d5] [#]} 10. Qd4 $2 d5 $2 (10... exd4 11. Nxd4 O-O) 11. Qxd5 $2 (11. Qd3) 11... Bb8 $2 (11... Nxd5 $19 12. exd5 O-O) 12. Qd3 O-O {[#]} 13. Bb3 $146 {[%mdl 2048] Black is under pressure.} ({Predecessor:} 13. c4 b5 14. cxb5 d5 15. exd5 Bf5 16. Qb3 e4 17. Nd4 Qd6 18. g3 Nh4 19. Bg5 Ba7 20. b6 {1-0 Dervishi,E (2511)-Lodici,L (2545) ITA-chT Final 53rd 2022 (1.4)}) 13... d5 14. Bxd5 {White is more active.} (14. exd5 $14 Bf5 15. Qd1) 14... Nxd5 15. Qxd5 Qxd5 16. exd5 e4 17. Nd4 Rd8 18. c4 Ne5 19. Na3 Nd3 20. b3 (20. Nac2 $14) 20... f5 21. f3 (21. Nac2 $14 {is superior.}) 21... Be5 (21... Ba7 $5 22. Nac2 exf3 $11) 22. Nac2 Nb4 23. Rb1 $16 Nd3 24. fxe4 fxe4 25. Bg5 Re8 26. Be3 Bg4 27. h3 Bd7 28. b4 ({White should try} 28. Ne2 $16) 28... a5 (28... Ba4 $11 {keeps the balance.}) 29. a3 (29. bxa5 $16 Rxa5 30. Rxb7) 29... axb4 $14 30. axb4 b6 (30... Ba4 $14) 31. Ra1 ({Better is} 31. Nc6 $16) 31... Bd6 {A strong pair of Bishops.} (31... Ra4 $11) 32. b5 (32. Nc6 $16) 32... Bc5 {[%mdl 8192] Black is now going downhill.} (32... Nb2 $11 {and Black has nothing to worry.}) 33. Nc6 Bxe3+ 34. Nxe3 h6 35. Ra6 Rxa6 (35... Nc5) 36. bxa6 $18 Bxc6 37. dxc6 {[%mdl 4096] Endgame KRN-KRN} Nb4 38. Rb1 Nxc6 39. Rxb6 Rc8 40. Nd5 {[%cal Ob6c6] Black must now prevent Rxc6!} Kh7 41. Rb5 {Hoping for Rc5.} Na7 (41... e3 $142 42. Nxe3 Ra8) 42. Rb7 {White is clearly winning.} Nc6 43. Nb6 Rd8 44. a7 Nxa7 45. Rxa7 {KRN-KR} Rd6 46. Nd5 Rc6 47. Ne3 Re6 48. Rf7 Kg6 49. Rf4 Kg5 50. Rf5+ Kg6 51. g4 Re8 52. Kf2 {[%emt 0:21:54] A brilliant game!   Weighted Error Value: White=0.63/Black=0.66} 1-0

[Event "10th Cherry Blossom Classic 2023"]
[Site "Dulles"]
[Date "2023.05.29"]
[Round "8.18"]
[White "ADU, Oladapo"]
[Black "Diao, Matthew Guo"]
[Result "1-0"]
[ECO "B45"]
[WhiteElo "2081"]
[BlackElo "1973"]
[Annotator "NA RC"]
[PlyCount "117"]
[EventDate "2023.05.24"]
[EventType "swiss"]
[EventCountry "USA"]
[SourceTitle "playchess.com"]
[Source "ChessBase"]
[SourceQuality "1"]
[TimeControl "5400+30"]

1. e4 c5 2. Nf3 Nc6 3. d4 cxd4 4. Nxd4 Nf6 5. Nc3 e6 6. a3 Be7 7. g3 d5 8. Bg2 O-O 9. O-O dxe4 10. Nxc6 bxc6 11. Nxe4 Ba6 12. Re1 Nd5 13. h4 h6 14. Bd2 Qb6 15. Rb1 Rae8 16. b4 Bc4 17. Qf3 f5 18. Nc3 f4 19. Ne4 e5 20. g4 Qd8 21. h5 Nf6 22. Nxf6+ Rxf6 23. Qc3 Bd5 24. Rxe5 Bxg2 25. Kxg2 f3+ 26. Kh3 Rd6 27. Bf4 Rd1 28. Re1 Rxb1 29. Rxb1 Rf8 30. Qxf3 Qd4 31. Qb3+ Kh8 32. Bg3 Bg5 33. Qd3 Qf6 34. Re1 Bf4 35. Qg6 Qd4 36. Re8 Rxe8 37. Qxe8+ Kh7 38. Qg6+ Kh8 39. Qxc6 Bxg3 40. Kxg3 Qe5+ 41. Kg2 Qd4 42. Qf3 Qc4 43. c3 a6 44. a4 Qb3 45. Qa8+ Kh7 46. Qxa6 Qd5+ 47. Kh2 Qe5+ 48. Kg1 Qe1+ 49. Qf1 Qe4 50. Qd1 Qc4 51. Qd4 Qe6 52. b5 Qe1+ 53. Kg2 Qe7 54. b6 Qb7+ 55. Kg1 Qa6 56. Qe4+ Kh8 57. b7 Qd6 58. Qe8+ Kh7 59. b8=Q 1-0

[Event "10th Cherry Blossom Classic 2023"]
[Site "Dulles"]
[Date "2023.05.29"]
[Round "8.19"]
[White "Su, Kevin"]
[Black "Prem, Pranav"]
[Result "1/2-1/2"]
[ECO "B40"]
[WhiteElo "2038"]
[BlackElo "2061"]
[Annotator "TA"]
[PlyCount "100"]
[EventDate "2023.05.24"]
[EventType "swiss"]
[EventCountry "USA"]
[SourceTitle "playchess.com"]
[Source "ChessBase"]
[SourceQuality "1"]
[TimeControl "5400+30"]

1. e4 c5 2. Nf3 d6 3. d4 cxd4 4. Nxd4 Nf6 5. Bd3 e6 6. c4 Be7 7. O-O O-O 8. Nc3 Nc6 9. Be3 Nxd4 {[%emt 0:04:29] B40: Sicilian: 2...e6, Unusual lines.} 10. Bxd4 {[%emt 0:00:51] [#]} Qc7 $146 ({Predecessor:} 10... b6 11. b3 Bb7 12. Rc1 e5 13. Be3 Bc8 14. Be2 Be6 15. f4 Ne8 16. f5 Bd7 17. Qe1 {1-0 Ulehla,J (1739)-Zacik,A (1912) SVK-chT2A 1920 2019 (8.6)}) 11. f4 {[%emt 0:10:23] White is more active.} ({White should play} 11. Qe2 $14) 11... e5 $11 {[%emt 0:03:49] The position is equal.} 12. Be3 Ng4 13. Nd5 Qd8 14. Bd2 exf4 $1 15. Bxf4 Bg5 16. Bg3 (16. Be2 $5 Ne5 17. Bg3 $14) 16... Be6 17. Kh1 Bxd5 (17... Bh4 {is interesting.} 18. Qe1 Bxg3 19. Qxg3 Bxd5 20. exd5 Ne5) 18. Qxg4 (18. exd5 Ne3 19. Qb3 (19. Qh5 g6 $17) 19... Nxf1 20. Rxf1 Qc7 $17) 18... Be6 19. Qf3 (19. Qh5 $5) 19... Bf6 20. Rad1 {[%emt 0:01:30][%cal Oe4e5] [#] e5! would be deadly.} Qc7 21. b4 Be5 (21... b6 {with more complications.} 22. Be2 Rad8 23. Rxd6 Rxd6 24. e5 Rd1) 22. Rc1 Rac8 23. Bxe5 dxe5 24. c5 Rfd8 25. Bc4 Bxc4 26. Rxc4 Rd2 27. c6 {[%emt 0:03:03] Threatening mate with cxb7.} Rcd8 (27... Rxa2 {is a self mate.} 28. cxb7 Rf8 29. Rxc7 h5 30. b8=Q) (27... bxc6 $2 28. Rxc6 h6 29. Rxc7 $18 (29. Qxf7+ $2 Qxf7 30. Rxc8+ Kh7 $19)) 28. b5 Rxa2 29. Rc5 h6 30. Rd5 {[%emt 0:02:02] Strongly threatening Rxd8+.} Rd2 $1 (30... bxc6 $2 31. Rxd8+ Qxd8 32. Qxf7+ Kh7 33. Qxa2 $18) 31. h3 bxc6 32. bxc6 Qxc6 {[%emt 0:01:06] Threatens to win with ...Qc7.} 33. Qxf7+ (33. Rxd8+ {simplifies} Rxd8 34. Qxf7+ Kh7 35. Qf5+) 33... Kh7 34. Rxe5 ({Reject} 34. Qxa7 R8xd5 35. exd5 Qxd5 $17) 34... Qg6 35. Qxg6+ Kxg6 {[%emt 0:00:02][%mdl 4096] Endgame KRR-KRR} 36. Re6+ Kh7 37. Rf4 R8d7 38. h4 R2d6 39. Re5 Rg6 40. h5 Rg5 41. Rxg5 hxg5 {[%emt 0:00:02] KR-KR} 42. Rf5 Rd4 43. e5 Kh6 44. e6 Re4 45. g4 Rxe6 46. Rf8 $1 g6 47. hxg6 Kxg6 {[%emt 0:00:00] White should prevent ...Re2.} 48. Kg2 (48. Rg8+ $11 Kh6 49. Ra8) 48... a5 $17 {[%emt 0:00:00] ...Ra6 is the strong threat.} 49. Ra8 {[%emt 0:00:07] Dodges Ra6} (49. Rg8+ $142 Kh6 50. Rh8+ Kg7 51. Ra8) 49... Re2+ 50. Kf3 {[%emt 0:00:05] [#]} Re5 $1 {[%emt 0:00:00] Weighted Error Value: White=0.09 (flawless) /Black=0.02 (flawless)} 1/2-1/2

[Event "10th Cherry Blossom Classic 2023"]
[Site "Dulles"]
[Date "2023.05.29"]
[Round "8.20"]
[White "Samuelson, Andrew"]
[Black "Shoykhet, Benjamin"]
[Result "1-0"]
[ECO "B37"]
[WhiteElo "2019"]
[BlackElo "1919"]
[Annotator "NA RC"]
[PlyCount "201"]
[EventDate "2023.05.24"]
[EventType "swiss"]
[EventCountry "USA"]
[SourceTitle "playchess.com"]
[Source "ChessBase"]
[SourceQuality "1"]
[TimeControl "5400+30"]

1. e4 c5 2. Nf3 Nc6 3. d4 cxd4 4. Nxd4 g6 5. c4 Nf6 6. Nc3 d6 7. Nc2 Bg7 8. Be2 O-O 9. O-O a5 10. Be3 a4 11. Rc1 Qa5 12. Na3 Be6 13. Nab5 Rfc8 14. f4 Qb4 15. a3 Qb3 16. Qxb3 axb3 17. f5 gxf5 18. exf5 Bd7 19. g4 Ne5 20. g5 Nfg4 21. Bd4 Rxc4 22. Bxc4 Nxc4 23. Bxg7 Kxg7 24. Rf4 Nge5 25. f6+ exf6 26. Rxf6 Nxb2 27. Rb1 Nbc4 28. Rxb3 Nd2 29. Rb4 Ndf3+ 30. Kg2 Nxg5 31. Rxd6 Bc6+ 32. Kg3 Ne6 33. a4 Rg8 34. Ne4 Kf8+ 35. Kf2 Ke7 36. Nbc3 f5 37. Rxc6 Nd3+ 38. Kf1 Nxb4 39. Rb6 fxe4 40. Rxb7+ Kd6 41. Rxb4 e3 42. Re4 Rf8+ 43. Kg2 Nf4+ 44. Kg3 Nh5+ 45. Kh3 Nf4+ 46. Kg4 Ng2 47. Kg3 Rg8+ 48. Kf3 Ne1+ 49. Kxe3 Rg2 50. Rh4 Rg7 51. Ke2 Ng2 52. Re4 Rf7 53. a5 Nf4+ 54. Kd2 Ne6 55. a6 Nc5 56. Rh4 Nxa6 57. Rh6+ Ke5 58. Rxa6 Rf2+ 59. Ke3 Rxh2 60. Ra5+ Ke6 61. Ne4 Rh4 62. Kd4 Rh1 63. Re5+ Kf7 64. Rf5+ Ke6 65. Rf6+ Ke7 66. Ra6 Rh5 67. Nd6 Ke6 68. Ne4+ Ke7 69. Nf6 Rh1 70. Ke5 Re1+ 71. Ne4 Kf7 72. Rf6+ Kg7 73. Rf4 Kg6 74. Rg4+ Kf7 75. Rg2 Kf8 76. Kf5 Rf1+ 77. Ke6 Re1 78. Rg4 Re3 79. Kf5 Rf3+ 80. Ke5 Re3 81. Rg1 Kf7 82. Kf4 Ra3 83. Ng5+ Kg6 84. Nf3+ Kf6 85. Nd2 Ra5 86. Ne4+ Kf7 87. Rh1 Kg6 88. Rb1 Kf7 89. Ng5+ Kg7 90. Rb7+ Kg6 91. Rb6+ Kg7 92. Nf3 Ra1 93. Kf5 Rf1 94. Rb7+ Kh6 95. Kg4 Kg6 96. Ne5+ Kh6 97. Re7 Rf6 98. Nf3 Kg6 99. Nh4+ Kh6 100. Nf5+ Kg6 101. Rg7# 1-0

[Event "10th Cherry Blossom Classic 2023"]
[Site "Dulles"]
[Date "2023.05.30"]
[Round "9.1"]
[White "Durarbayli, Vasif"]
[Black "Matviishen, Viktor"]
[Result "1/2-1/2"]
[ECO "B92"]
[WhiteElo "2627"]
[BlackElo "2538"]
[Annotator "TA"]
[PlyCount "112"]
[EventDate "2023.05.24"]
[EventType "swiss"]
[EventCountry "USA"]
[SourceTitle "playchess.com"]
[Source "ChessBase"]
[SourceQuality "1"]
[TimeControl "5400+30"]

1. e4 {[%emt 0:02:38] Estremera,S/Mellado,J} c5 2. Nf3 d6 3. d4 cxd4 4. Nxd4 Nf6 5. Nc3 a6 6. Be2 e5 7. Nb3 Be7 8. O-O O-O 9. Re1 Be6 {[%emt 0:00:32] B92: Sicilian Najdorf: 6 Be2.} 10. Bf3 Qc7 11. Be3 Rc8 12. a4 h6 13. a5 Nbd7 14. h3 {[%emt 0:03:36] 14.Qd2 is vanishing.} b5 15. axb6 Nxb6 16. Na5 Nc4 17. Nxc4 Bxc4 18. Na4 {[%emt 0:00:22] [#] And now Nb6 would win.} Rab8 {[%emt 0:02:05] [#] Prevents Nb6.} 19. b3 $146 ({Predecessor:} 19. Bc1 Qb7 20. b3 Be6 21. Bb2 Rc6 22. Qd3 Rbc8 23. Re2 Nd7 24. Qd1 Bg5 25. c4 {½-½ Bruzon Batista,L (2652)-Anand,V (2803) Leon 19th rapid 2006 (1.1)}) 19... Bb5 20. c4 Bxa4 21. Rxa4 Qb7 22. Qa1 Qxb3 ({Don't play} 22... Nxe4 23. Bxe4 (23. Rxa6 Ra8 $16) 23... Qxe4 24. Ba7 $16 (24. Rxa6 Qd3 $15)) 23. Rc1 {[%emt 0:01:28] [#]} a5 $1 {[%emt 0:11:41][%mdl 64] Deflection} 24. Rxa5 (24. Ra3 Qb2) 24... Rxc4 25. Rxc4 Qxc4 26. Ra8 Rxa8 27. Qxa8+ Kh7 28. Qb7 Bd8 29. Qa8 {[%emt 0:02:24] Inhibits Ba5.} Qc7 30. g3 g6 31. Kg2 Kg7 (31... Qd7 {simplifies} 32. h4 Kg7 33. Qa7 Qxa7 34. Bxa7 h5) 32. h4 Be7 (32... Qd7 {simplifies} 33. Qa7 Qxa7 34. Bxa7 h5) 33. Kg1 Qc2 34. Qb7 Bd8 35. Qb8 Qc7 36. Qa8 Qd7 37. Bg2 Be7 38. Bf3 h5 (38... Qc7 {with more complications.} 39. Kg2 h5 40. Bg5 Qc2) 39. Bg5 Ne8 {[%emt 0:10:35] Strongly threatening ...Bxg5.} 40. Be3 Qb5 41. Qc8 Nf6 42. Bg5 Ng8 (42... Qd3 {seems wilder.} 43. Kg2 d5 44. Qc6 dxe4 45. Bxf6+ Bxf6 46. Bxe4 Qd4) 43. Be3 Qb3 44. Kg2 Qe6 45. Qb7 Nf6 46. Bd1 Qd7 (46... d5 {looks sharper.} 47. Bb3 Nxe4 48. Bxd5 Nd6) 47. Qxd7 Nxd7 $11 {[%emt 0:00:02][%mdl 4096] Endgame KBB-KBN} 48. Kh3 Nf6 49. f3 Ng8 50. g4 {[%emt 0:01:15] The position is equal.} Nf6 51. Bc2 (51. Bg5 $5) 51... Nh7 52. gxh5 gxh5 53. f4 Nf6 54. f5 Ng4 55. Bb6 Nf6 56. Be3 Ng4 {[%emt 0:00:37] Weighted Error Value: White=0.04 (flawless) /Black=0.04 (flawless)} 1/2-1/2

[Event "10th Cherry Blossom Classic 2023"]
[Site "Dulles"]
[Date "2023.05.30"]
[Round "9.2"]
[White "Nyzhnyk, Illya"]
[Black "Antipov, Mikhail Al."]
[Result "1/2-1/2"]
[ECO "E11"]
[WhiteElo "2644"]
[BlackElo "2588"]
[Annotator "TA"]
[PlyCount "69"]
[EventDate "2023.05.24"]
[EventType "swiss"]
[EventCountry "USA"]
[SourceTitle "playchess.com"]
[Source "ChessBase"]
[SourceQuality "1"]
[TimeControl "5400+30"]

1. d4 Nf6 2. c4 e6 3. g3 d5 4. Bg2 Bb4+ 5. Bd2 Be7 6. Nf3 O-O 7. O-O c6 8. Qc2 Nbd7 9. Rc1 {[%emt 0:00:59] E11: Bogo-Indian.} a5 10. a4 {[%emt 0:06:19] 10.e3 is a critical line.} Ne4 11. Bf4 g5 12. Be3 f5 13. Nc3 {[%emt 0:00:40] [#]} f4 $146 ({Predecessor:} 13... Bf6 14. Rd1 Qe7 15. Ne1 Bg7 16. Qc1 f4 17. gxf4 gxf4 18. Bd2 Nxf2 19. Kxf2 Bxd4+ {0-1 Li,D (2535)-Nguyen,N (2639) Asian Continental blitz op 2019 (2)}) 14. gxf4 gxf4 15. Bd2 Nxd2 16. Qxd2 Bd6 17. Kh1 Qf6 18. Rg1 Kh8 19. Rae1 {[%emt 0:05:21] [#]} (19. Bh3 $11 {remains equal.}) 19... Qh6 $1 $17 20. Bf1 Rf5 21. e4 (21. Rg3 $15 {is superior.}) 21... fxe3 22. Qxe3 {[%emt 0:00:06] [#]} Bf4 23. Qd3 Rh5 (23... Nf6 $17 {Strongly threatening ...dxc4.} 24. Rg2 Bd7) 24. Rg2 $15 e5 $1 25. Ne2 $1 {[%emt 0:12:11] Black must now prevent cxd5.} e4 26. Nxf4 Qxf4 (26... exd3 $15 27. Re8+ Nf8 28. Nxh5 Bg4) 27. Qe3 $11 Qxe3 (27... Qxf3 28. Qxf3 Rh6 29. Qf7 Rg6 30. cxd5 Nf6 31. Rxg6 hxg6 32. Qxf6+ Kh7 33. Rxe4) 28. Rxe3 {[%emt 0:00:06] aiming for Ng5.} Rf5 (28... exf3 $2 {gets mated.} 29. Re8+) 29. Ng5 {[%emt 0:03:03] Threatens to win with cxd5.} Nf8 30. Reg3 {[%emt 0:07:59][%cal Og5f7] Nf7+! would kill now.} (30. cxd5 $5 cxd5 31. Reg3 $11) 30... Be6 {[%emt 0:00:35] Dodges Nf7+} 31. Be2 {[%emt 0:00:20] The position is equal.} Rf6 ({Resist} 31... dxc4 32. Nxe6 Nxe6 33. Bxc4 $14) 32. cxd5 cxd5 33. f3 $1 h6 34. Nxe6 Nxe6 35. fxe4 {[%emt 0:00:06] Weighted Error Value: White=0.10 (very precise) /Black=0.06 (flawless)} 1/2-1/2